 Dungeon Crawl Stone Soup version 0.23.2 (webtiles) character file.

Game seed: 16098425887012761294

121 Borgoz the Ducker (level 5, -9/42 (44) HPs)
             Began as a Ghoul Gladiator on Apr 3, 2019.
             Splashed by Ijyb's acid (11 damage)
             ... on level 3 of the Dungeon.
             The game lasted 00:02:42 (1656 turns).

Borgoz the Ducker (Ghoul Gladiator)                 Turns: 1656, Time: 00:02:43

HP:   -9/42 (44)    AC:  9    Str: 21 (23) XL:     5   Next: 5%
MP:   4/4           EV: 18    Int:  1 (4)  God:
Gold: 157           SH:  0    Dex: 13 (15) Spells: 4/4 levels left

rFire    . . .     SeeInvis +   a - +0 rapier
rCold    + . .     Gourm    .   (no shield)
rNeg     + + +     Faith    .   b - +0 leather armour
rPois    ∞         Spirit   .   h - +2 helmet {SInv}
rElec    .         Reflect  .   r - +1 cloak
rCorr    .         Harm     .   u - +0 pair of gloves
MR       .....                  (no boots)
Stlth    ++........             (no amulet)
HPRegen  0.00/turn              j - +5 ring of strength
MPRegen  0.09/turn              (no ring)

@: agile, flying, rotting
A: rotting body, claws 1, carnivore, cold resistance 1, negative energy
resistance 3, inhibited regeneration, torment resistance, unbreathing
a: no special abilities


You were on level 3 of the Dungeon.
You were not hungry.

You visited 1 branch of the dungeon, and saw 3 of its levels.

You collected 157 gold pieces.

Inventory:

Hand Weapons
 a - a +0 rapier (weapon)
 q - a +4 quarterstaff of chaos
Missiles
 t - 4 javelins (quivered)
Armour
 b - a +0 leather armour (worn)
 h - a +2 helmet of see invisible (worn)
 r - a +1 cloak (worn)
 u - a +0 pair of gloves (worn)
Jewellery
 j - a +5 ring of strength (left hand)
Scrolls
 c - a scroll of amnesia {unknown}
 e - a scroll of enchant armour {unknown}
 g - a scroll of enchant weapon {unknown}
 i - a scroll of identify {unknown}
 l - a scroll of teleportation {unknown}
 o - a scroll of random uselessness {unknown}
 s - 2 scrolls of remove curse {unknown}
 v - a scroll of immolation {unknown}
Potions
 k - a potion of flight
 n - a potion of lignification
Comestibles
 f - 5 rations


   Skills:
 + Level 2.9 Fighting
 * Level 3.6 Short Blades
 - Level 1.7 Throwing
 + Level 1.4 Armour
 * Level 3.7 Dodging


You had 4 spell levels left.
You didn't know any spells.
Your spell library was empty.

Dungeon Overview and Level Annotations

Branches:
Dungeon (3/15)

Altars:
Elyvilon
Fedhas
Hepliaklqana
Wu Jian

Annotations:
D:3 Ijyb


Innate Abilities, Weirdness & Mutations

Your body is rotting away.
You thrive on raw meat.
You are immune to poison.
You have sharp fingernails.
You are carnivorous and can eat meat at any time.
Your flesh is cold resistant. (rC+)
You are immune to negative energy. (rN+++)
You do not regenerate when monsters are visible.
You are immune to unholy pain and torment.
You can survive without breathing.


Message History

Throwing (i - inventory)
t - 5 javelins (quivered)
Press: ? - help, Shift-Dir - straight line, f/p - Ijyb
Aim: Ijyb, wielding a +0 dagger, wearing a +0 ring mail of cold resistance and carrying a wand of acid (3) (severely wounded)
You throw a javelin. The javelin barely misses Ijyb.
The javelin hits the jackal!
You kill the jackal!
Ijyb zaps a wand.
The bolt of acid misses you.
You barely miss Ijyb.
Ijyb is severely wounded.
Ijyb completely misses you.
Okay, then.
You hit Ijyb but do no damage.
Ijyb is severely wounded.
Ijyb hits you but does no damage.
You barely miss Ijyb.
Ijyb is severely wounded.
Ijyb hits you but does no damage.
Ijyb zaps a wand.
The bolt of acid hits you but does no damage.
You are splashed with acid!
You die...

#.# #.###.# #.##..#
#.###.# #.######.##..##
#.....###..............
######...#######.######
#...........#
#.########### #.# #.#
#@# #g# .h. .#.#.
#.....# # ... # ...
#.#.#


You could see Ijyb and a jackal.

Vanquished Creatures
  Crazy Yiuf (D:2)
  Terence (D:2)
  2 gnolls (D:3)
  4 dart slugs (D:1)
  2 leopard geckos
  2 giant cockroaches
  6 goblins
  3 hobgoblins
  A jackal (D:3)
  8 kobolds
  A quokka (D:2)
  6 bats
  5 frilled lizards
  2 rats
44 creatures vanquished.

Notes
Turn   | Place    | Note
-------+----------+-------------------------------------------
     0 | D:1      | Borgoz the Ghoul Gladiator began the quest for the Orb.
     0 | D:1      | Reached XP level 1. HP: 17/17 MP: 0/0
    94 | D:1      | Reached XP level 2. HP: 25/25 MP: 1/1
   341 | D:1      | Reached XP level 3. HP: 29/30 MP: 2/2
   837 | D:2      | Noticed Terence
   851 | D:2      | Killed Terence
   851 | D:2      | Reached skill level 1 in Armour
   851 | D:2      | Reached XP level 4. HP: 32/37 MP: 3/3
  1101 | D:2      | Found a hazy altar of Hepliaklqana.
  1103 | D:2      | Found an ornate altar of the Wu Jian Council.
  1107 | D:2      | Found a white marble altar of Elyvilon.
  1107 | D:2      | Found a blossoming altar of Fedhas.
  1324 | D:2      | Found a runed translucent door.
  1325 | D:2      | Noticed Crazy Yiuf
  1343 | D:2      | Killed Crazy Yiuf
  1551 | D:3      | Reached XP level 5. HP: 42/42 MP: 4/4
  1627 | D:3      | Noticed Ijyb
  1640 | D:3      | HP: 2/42 [acid (19)]
  1656 | D:3      | Splashed by Ijyb's acid

Skill      XL: |  1  2  3 |
---------------+----------+-----
Dodging        | 3 |  3.7
Short Blades   | 3 |  3.6
Armour         | 1 |  1.4
Fighting       | |  2.9
Throwing       | |  1.7

Action                   |  1- 3 |  4- 6 || total
-------------------------+-------+-------++-------
Melee: Rapier            |    94 |    76 ||   170
Throw: Throwing net      |       |     3 ||     3
       Javelin           |       |     1 ||     1
  Use: Potion            |       |     4 ||     4
 Stab: Held in net/web   |       |     3 ||     3
  Eat: Chunk             |     4 |     2 ||     6
Armor: Leather armour    |    37 |    29 ||    66
Dodge: Dodged            |    61 |    35 ||    96
